 Dungeon Crawl Stone Soup version 0.28.0-43-g3370ac3207 (webtiles) character file.

Game seed: 13915267530077141207

99 Revguard the Shield-Bearer (level 4, 0/42 HPs)
             Began as a Deep Dwarf Fighter on Mar 23, 2022.
             Killed from afar by a white imp (6 damage)
             ... with a puff of frost
             ... summoned by Natasha
             ... on level 2 of the Dungeon.
             The game lasted 00:03:17 (1275 turns).

Revguard the Shield-Bearer (Deep Dwarf Fighter)     Turns: 1275, Time: 00:03:19

Health: 0/42       AC:  8    Str: 20    XL:     4   Next: 45%
Magic:  4/4        EV: 10    Int:  8    God:
Gold:   71         SH:  5    Dex: 14    Spells: 3/3 levels left

rFire   . . .      SeeInvis .   a - +0 war axe
rCold   . . .      Faith    .   c - +0 buckler
rNeg    . . .      Spirit   .   b - +0 scale mail
rPois   .          Reflect  .   i - +0 helmet
rElec   .          Harm     .   (no cloak)
rCorr   .          Rampage  .   (no gloves)
Will    .....                   (no boots)
Stlth   ..........              (no amulet)
HPRegen 0.00/turn               (no ring)
MPRegen 0.09/turn               (no ring)

@: no status effects
A: damage resistance, heal wounds, sense surroundings 1, no regeneration
a: Heal Wounds


You were on level 2 of the Dungeon.
You visited 1 branch of the dungeon, and saw 2 of its levels.

You collected 71 gold pieces.

Inventory:

Hand Weapons
 a - a +0 war axe (weapon)
Armour
 b - a +0 scale mail (worn)
 c - a +0 buckler (worn)
 i - a +0 helmet (worn)
Jewellery
 f - a +6 ring of intelligence
 j - a ring of magical power
Scrolls
 e - a scroll of magic mapping {unknown}
 h - a scroll of enchant weapon {unknown}
 k - 4 scrolls of identify {unknown}
 l - a scroll of fear {unknown}
 n - a scroll of blinking {unknown}
Potions
 d - a potion of might
 g - a potion of heal wounds {unknown}
 m - 2 potions of berserk rage {unknown}


   Skills:
 + Level 3.1 Fighting
 + Level 3.0 Axes
 + Level 3.9 Armour
 + Level 1.8 Dodging
 + Level 3.9 Shields


You had 3 spell levels left.
You didn't know any spells.
Your spell library was empty.

Dungeon Overview and Level Annotations

Branches:
Dungeon (2/15)

Altars:

Annotations:
D:2 Natasha


Innate Abilities, Weirdness & Mutations

You are resistant to damage.
You can heal yourself by infusing magical energy.
You passively map a small area around you.
You do not regenerate.


Message History

You block Natasha's attack.
The iron imp hits you but does no damage.
You hit Natasha.
Natasha is almost dead.
You hit the iron imp.
Natasha stares at you and mumbles some strange words.
The magic dart hits you. Natasha claws you.
* * * LOW HITPOINT WARNING * * *
The crimson imp grinds its teeth.
The iron imp hits you but does no damage.
You closely miss Natasha.
Natasha is almost dead.
You hit the iron imp but do no damage.
You hit the shadow imp but do no damage.
You block the shadow imp's attack. Natasha claws you.
* * * LOW HITPOINT WARNING * * *
The iron imp completely misses you.
You completely miss Natasha.
Natasha is almost dead.
You hit the shadow imp.
You kill the shadow imp!
The shadow imp disappears in a puff of smoke!
You hit the iron imp but do no damage. Natasha claws you but does no damage.
You block the iron imp's attack.
You hit Natasha but do no damage.
Natasha is almost dead.
You closely miss the iron imp.
The crimson imp disappears in a puff of smoke!
Natasha mumbles some strange words.
Natasha stares at you and mumbles some strange words.
The magic dart hits you but does no damage.
The iron imp closely misses you.
You hit Natasha.
Natasha is almost dead.
You hit the iron imp but do no damage.
The iron imp disappears in a puff of smoke!
Natasha barely misses you. The white imp gestures at you.
The puff of frost hits you!
You die...

........##.....##.#.........
....#...#..#.#..#....#....##
...,##..'.#)#(#.+...........
.. #..#..#.#..#...######## ,
,.#..##.....##...#
,.....###'###..#* *
#..............### *
*#>.....##.#........
#..#..#..§@#######..
#.#.....5§h#* , ,
.........** * , #####..§.. *
* ....... , * ......... , *
..........., , .............
* , *


You could see Natasha and a white imp (summoned).

Vanquished Creatures
  A jelly (D:2)
  2 adders (D:2)
  2 worms (D:2)
  5 endoplasms
  2 giant cockroaches (D:2)
  2 goblins
  2 hobgoblins (D:1)
  7 jackals (D:1)
  3 kobolds
  A quokka (D:1)
  2 ball pythons (D:1)
  2 bats
  12 frilled lizards (D:1)
  3 rats (D:1)
46 creatures vanquished.

Vanquished Creatures (others)
  A fungus (D:1)
  10 plants (D:1)
11 creatures vanquished.

Grand Total: 57 creatures vanquished

Notes
Turn   | Place    | Note
-------+----------+-------------------------------------------
     0 | D:1      | Revguard the Deep Dwarf Fighter began the quest for the
                  | Orb.
     0 | D:1      | Reached XP level 1. HP: 20/20 MP: 1/1
   214 | D:1      | Reached XP level 2. HP: 20/27 MP: 2/2
   570 | D:1      | Reached skill level 1 in Dodging
   769 | D:1      | Reached XP level 3. HP: 30/33 MP: 3/3
  1060 | D:1      | Found a faded altar of an unknown god.
  1219 | D:2      | Reached XP level 4. HP: 30/42 MP: 4/4
  1256 | D:2      | Noticed Natasha
  1275 | D:2      | Killed from afar by a white imp

Illustrated notes

Levels and vault maps discovered:
D:1:      amcnicky_arrival_flooded_fountain, layout_basic,
          shapermc_ecumenical_altar_petra, minivault_5, grunt_decor_resistance,
          minmay_lizard_king
D:2:      layout_rooms, basic_altar, minmay_box_of_dots, uniq_natasha

Skill      XL: |  1  2  3 |
---------------+----------+-----
Dodging        | 1 |  1.8
Fighting       | 3 |  3.1
Axes           | 3 |  3.0
Armour         | |  3.9
Shields        | |  3.9

Action                   |  1- 3 |  4- 6 || total
-------------------------+-------+-------++-------
Melee: War axe           |   109 |    35 ||   144
 Abil: Heal Wounds       |     1 |     1 ||     2
Armor: Scale mail        |    39 |    27 ||    66
Dodge: Dodged            |    59 |    28 ||    87
Block: Buckler           |    22 |    10 ||    32
